 Dungeon Crawl Stone Soup version 0.28.0-45-g0d030f2227 (webtiles) character file.

Game seed: 6440660022945348010

11 MisterFreud the Conjurer (level 2, -1/17 HPs)
             Began as an Octopode Conjurer on May 23, 2022.
             Slain by a ball python (2 damage)
             ... on level 4 of the Dungeon.
             The game lasted 00:01:40 (549 turns).

MisterFreud the Conjurer (Octopode Conjurer)         Turns: 549, Time: 00:01:41

Health: -1/17      AC:  1    Str:  6    XL:     2   Next: 25%
Magic:  3/5        EV: 13    Int: 20    God:
Gold:   18         SH:  0    Dex: 10    Spells: 2/5 levels left

rFire   . . .      SeeInvis .   (no weapon)
rCold   . . .      Faith    .   (no shield)
rNeg    . . .      Spirit   .   (helmet restricted)
rPois   .          Reflect  .   (no amulet)
rElec   .          Harm     .   (no ring)
rCorr   .          Rampage  .   (no ring)
Will    .....                   (no ring)
Stlth   +++.......              (no ring)
HPRegen 0.05/turn               (no ring)
MPRegen 0.09/turn               (no ring)
                                (no ring)
                                (no ring)

@: no status effects
A: almost no armour, amphibious, 8 rings, camouflage 1, gelatinous body 1,
(nimble swimmer 1), tentacles
a: no special abilities


You were on level 4 of the Dungeon.
You visited 1 branch of the dungeon, and saw 4 of its levels.

You collected 18 gold pieces.

Inventory:

Scrolls
 a - a scroll of amnesia {unknown}


   Skills:
 - Level 2.0 Dodging
 - Level 2.7 Stealth
 - Level 2.0 Spellcasting
 * Level 4.4 Conjurations


You had 2 spell levels left.
You knew the following spells:

 Your Spells              Type           Power      Damage    Failure   Level
a - Magic Dart            Conj           80%        1d7       2%          1
b - Searing Ray           Conj           40%        2d5       3%          2

Your spell library contained the following spells:

 Spells                   Type           Power      Damage    Failure   Level
 Dazzling Flash           Conj/Hex       22%        N/A       19%         3
 Fulminant Prism          Conj/Hex       5%         3d7       52%         4
 Iskenderun's Mystic Bla  Conj/Tloc      11%        2d4       52%         4


Dungeon Overview and Level Annotations

Branches:
Dungeon (4/15)
 Temple: D:4-7

Altars:

Shops:
D:1 :


Innate Abilities, Weirdness & Mutations

You cannot wear most types of armour.
You are amphibious.
You can wear up to eight rings at the same time.
Your skin changes colour to match your surroundings (Stealth+).
Your rubbery body absorbs attacks. (AC +1, EV +1)
((You are camouflaged when in or above water. (Stealth+)))
You have tentacles for arms and can constrict up to eight enemies at once.


Message History

You tentacle-slap the orc but do no damage.
The orc is almost dead.
You constrict the orc, but do no damage.
The orc hits you with a +0 dagger.
* * * LOW HITPOINT WARNING * * *
You tentacle-slap the orc but do no damage.
You squeeze the orc, but do no damage.
The orc is almost dead.
You constrict the orc, but do no damage.
The orc hits you with a +0 dagger.
* * * LOW HITPOINT WARNING * * *
You aren't carrying any potions.
Casting: Magic Dart (safe; 2% risk of failure)
Confirm with . or Enter, or press ? or * to list all spells.
Aiming: Magic Dart (safe; 2% risk of failure)
Press: ? - help, Shift-Dir - straight line, f - orc
Aim: an orc, wielding a +0 dagger and wearing a +0 chain mail (severely wounded, constricted by you, 100% to hit)
The magic dart hits the orc but does no damage.
The orc is severely wounded.
You constrict the orc, but do no damage.
The orc hits you but does no damage.
Casting: Magic Dart (safe; 2% risk of failure)
Confirm with . or Enter, or press ? or * to list all spells.
Aiming: Magic Dart (safe; 2% risk of failure)
Press: ? - help, Shift-Dir - straight line, f/p - orc
Aim: an orc, wielding a +0 dagger and wearing a +0 chain mail (severely wounded, constricted by you, 100% to hit)
The magic dart hits the orc but does no damage.
The orc is severely wounded.
You constrict the orc.
You kill the orc!
You aren't carrying any potions.
Unknown command.
Unknown command.
Okay, then.
Unknown command.
You barely miss the ball python. Your grab misses the ball python.
You squeeze the ball python.
The ball python is moderately wounded.
The ball python bites you.
You die...

#########
#KS@....#
###.#####.#
#...# #<###
#...#
...>...
.........#
...B.....#
........(#


You could see a ball python and a kobold.

Vanquished Creatures
  An orc (D:4)
  A ball python (D:1)
  An endoplasm (D:1)
  2 goblins (D:1)
  2 hobgoblins (D:1)
  A rat (D:1)
8 creatures vanquished.

Notes
Turn   | Place    | Note
-------+----------+-------------------------------------------
     0 | D:1      | MisterFreud the Octopode Conjurer began the quest for the
                  | Orb.
     0 | D:1      | Reached XP level 1. HP: 11/11 MP: 3/3
    48 | D:1      | Found Ydoulu Hyos's Book Emporium.
   342 | D:1      | Found a faded altar of an unknown god.
   352 | D:1      | Reached XP level 2. HP: 10/17 MP: 5/5
   355 | D:1      | Learned a level 2 spell: Searing Ray
   549 | D:4      | Slain by a ball python

Illustrated notes

Levels and vault maps discovered:
D:1:      dpeg_arrival_tiny_h, layout_loops_cross,
          hellmonk_ecumenical_altar_blasted, serial_shops,
          nicolae_lakefront_shop
D:2:      layout_loops_ring, minmay_lizard_pond
D:3:      layout_rooms
D:4:      layout_basic, bloody_makhleb

Action                   || total
-------------------------++-------
Melee: Unarmed           ||    21
       Tentacles         ||    10
       Constrict         ||     2
 Cast: Magic Dart        ||    12
 Stab: Sleeping          ||     1
Armor: Skin              ||     1
Dodge: Dodged            ||     8
